 Dungeon Crawl Stone Soup version 0.31.0-11-ge490571c62 (webtiles) character file.

Game seed: 11982169154966274805

4092 sasquatch the Cleaver (level 10, -5/80 HPs)
             Began as a Formicid Fighter on Feb 4, 2024.
             Was a Believer of Makhleb.
             Slain by a troll (8 damage)
             ... on level 9 of the Dungeon.
             The game lasted 00:09:05 (8902 turns).

sasquatch the Cleaver (Formicid Fighter)            Turns: 8902, Time: 00:09:06

Health: -5/80      AC: 10    Str: 26    XL:     10   Next: 50%
Magic:  10/10      EV:  9    Int:  7    God:    Makhleb [**....]
Gold:   393        SH:  6    Dex: 13    Spells: 9/9 levels left

rFire   . . .        a - +0 war axe
rCold   . . .        c - +0 buckler
rNeg    . . .        e - +1 scale mail {Will+}
rPois   .            (helmet unavailable)
rElec   .            b - +0 cloak
rCorr   .            (no gloves)
SInv    +            (no boots)
Will    +++..        (no amulet) Stlth
                     p - ring of willpower
HPRegen 0.33/turn    (no ring)
MPRegen 0.12/turn

%: no passive effects
@: no status effects
A: permanent stasis, dig shafts and tunnels, antennae 3, four strong arms
a: Dig, Shaft Self, Renounce Religion, Minor Destruction


You were on level 9 of the Dungeon.
You worshipped Makhleb.
Makhleb was pleased with you.
You visited 2 branches of the dungeon, and saw 10 of its levels.

You collected 393 gold pieces.

Inventory:

Hand Weapons
 a - a +0 war axe (weapon)
Missiles
 f - 10 poisoned darts (quivered)
 B - a curare-tipped dart
Armour
 b - a +0 cloak (worn)
 c - a +0 buckler (worn)
 e - a +1 scale mail of willpower (worn)
 A - a +0 plate armour
Jewellery
 p - a ring of willpower (left hand)
Wands
 d - a wand of flame (36)
 y - a wand of iceblast (9)
 z - a wand of paralysis (4)
Scrolls
 i - a scroll of torment {unknown}
 j - 2 scrolls of noise
 k - 2 scrolls of enchant armour
 n - a scroll of fog {unknown}
 o - a scroll of enchant weapon {unknown}
 s - 2 scrolls of revelation {unknown}
 t - a scroll of fear {unknown}
 u - a scroll of poison
 v - a scroll of silence {unknown}
 x - a scroll of vulnerability
Potions
 g - a potion of curing
 l - 3 potions of might
 q - a potion of heal wounds
 w - a potion of cancellation


   Skills:
 + Level 7.8 Fighting
 * Level 9.5 Axes
 + Level 7.8 Armour
 + Level 9.4 Shields


You had 9 spell levels left.
You didn't know any spells.
Your spell library contained the following spells:

 Spells                   Type           Power      Damage    Failure   Level
 Magic Dart               Conj           0%         1d3       73%         1
 Call Imp                 Summ           0%         N/A       86%         2
 Ensorcelled Hibernation  Hex/Ice        0%         N/A       86%         2
 Fugue of the Fallen      Necr           0%         N/A       97%         3
 Anguish                  Hex/Necr       0%         N/A       100%        4
 Cause Fear               Hex            0%         N/A       100%        4
 Fireball                 Conj/Fire      0%         3d3       100%        5
 Iskenderun's Battlesphe  Conj           0%         2d6       100%        5
 Bombard                  Conj/Erth      0%         9d1       100%        6
 Spellforged Servitor     Conj/Summ      0%         N/A       100%        7
 Dragon's Call            Summ           0%         N/A       100%        9
 Blink                    Tloc           Unusable   N/A       N/A         2

Dungeon Overview and Level Annotations

Branches:
Dungeon (9/15)             Temple (1/1) D:5
   Lair: D:8-11         Orc: D:9-12

Altars:
Ashenzari
Cheibriados
Dithmenos
Elyvilon
Fedhas
Gozag
Hepliaklqana
Kikubaaqudgha
Makhleb
Nemelex Xobeh
Okawaru
Qazlal
Ru
Sif Muna
Trog
Uskayaw
Vehumet
Wu Jian
Xom
Yredelemnul
Zin
The Shining One

Shops:
D:6 *   D:8 :

Annotations:
D:7 2 runed translucent doors
Temple 2 transporters


Innate Abilities, Weirdness & Mutations

You cannot be hasted, slowed, berserked, paralysed or teleported.
You can dig through walls and to a lower floor.
You have a pair of large antennae on your head. (SInv)
Your four strong arms can wield two-handed weapons with a shield.


Message History

You are too injured to fight recklessly!
You slice the troll!!
The troll is heavily wounded.
The troll barely misses you. The troll claws you. The troll barely misses you.
You hit the troll.
The troll is heavily wounded.
The troll bites you but does no damage. You block the troll's attack.
The troll completely misses you.
You closely miss the troll.
The troll is heavily wounded.
The troll barely misses you. The troll claws you but does no damage.
You block the troll's attack.
You closely miss the troll.
The troll is heavily wounded.
The troll bites you but does no damage. You block the troll's attack. x2
You barely miss the troll.
The troll is heavily wounded.
The troll bites you!
* * * LOW HITPOINT WARNING * * *
The troll claws you but does no damage. You block the troll's attack.
You hit the troll but do no damage.
The troll is heavily wounded.
You block the troll's attack. The troll claws you but does no damage.
The troll claws you!
* * * LOW HITPOINT WARNING * * *
You closely miss the troll.
The troll is heavily wounded.
You block the troll's attack. The troll claws you!
* * * LOW HITPOINT WARNING * * *
The troll barely misses you.
You slash the troll!
The troll is severely wounded.
The troll completely misses you. The troll claws you.
* * * LOW HITPOINT WARNING * * *
The troll claws you but does no damage.
You closely miss the troll.
The troll is severely wounded.
The troll bites you but does no damage. You block the troll's attack.
The troll claws you!
You die...

# #.###.##### ####
#.....T@.$#.....
#..##.##.......[ #
#.##.####### #.
#.##.# #..##.##.#
#..#...#.######
#...............
#.##...####..###
###.###.#####..####
### {


You could see a troll.

Vanquished Creatures
  A two-headed ogre (D:9)
  Grinder (D:3)
  A wyvern (D:8)
  2 black bears
  2 ice beasts
  2 sky beasts
  4 ogres
  A phantom (D:5)
  4 centaurs
  2 bullfrogs (D:7)
  2 kobold brigands (D:8)
  5 scorpions
  9 wights
  5 jellies
  5 hounds
  4 orc priests
  Crazy Yiuf (D:2)
  Jessica (D:3)
  Natasha (thrice) (D:3)
  Terence (D:3)
  An iguana (D:7)
  3 orc wizards
  7 adders
  5 dart slugs
  A ribbon worm (D:3)
  15 orcs
  6 endoplasms
  2 giant cockroaches
  12 goblins
  9 hobgoblins
  2 jackals (D:5)
  16 kobolds
  A quokka (D:3)
  6 ball pythons
  6 bats
  2 frilled lizards (D:2)
  10 rats
160 creatures vanquished.

Notes
Turn   | Place    | Note
-------+----------+-------------------------------------------
     0 | D:1      | sasquatch the Formicid Fighter began the quest for the Orb.
     0 | D:1      | Reached XP level 1. HP: 18/18 MP: 1/1
   305 | D:1      | Reached XP level 2. HP: 24/24 MP: 2/2
   864 | D:1      | Reached XP level 3. HP: 29/29 MP: 3/3
  1495 | D:2      | Reached XP level 4. HP: 33/37 MP: 4/4
  1528 | D:2      | Found a runed translucent door.
  1529 | D:2      | Noticed Crazy Yiuf
  1887 | D:3      | Noticed Grinder
  1901 | D:3      | Killed Grinder
  1902 | D:3      | Reached skill level 5 in Shields
  1902 | D:3      | Reached XP level 5. HP: 31/43 MP: 5/5
  1902 | D:3      | Reached XP level 6. HP: 36/49 MP: 6/6
  1993 | D:3      | Noticed Natasha
  2002 | D:3      | Killed Natasha
  2047 | D:3      | Noticed Terence
  2054 | D:3      | Killed Terence
  2062 | D:3      | Found a faded altar of an unknown god.
  2217 | D:3      | Noticed Jessica
  2231 | D:3      | Killed Jessica
  2232 | D:3      | Reached XP level 7. HP: 55/55 MP: 7/7
  2533 | D:3      | Noticed Natasha
  2539 | D:3      | Killed Natasha
  2628 | D:3      | Noticed Natasha
  2640 | D:3      | Killed Natasha
  2704 | D:3      | Found a stormy altar of Qazlal.
  2732 | D:3      | Found a shimmering blue altar of Sif Muna.
  2951 | D:4      | Reached skill level 5 in Axes
  3037 | D:4      | Reached skill level 5 in Fighting
  3037 | D:4      | Reached skill level 5 in Armour
  3505 | D:4      | HP: 2/54 [poisoned by a scorpion]
  3506 | D:4      | Reached XP level 8. HP: 3/62 MP: 8/8
  4024 | D:5      | Entered Level 5 of the Dungeon
  4030 | D:5      | Found a staircase to the Ecumenical Temple.
  4048 | Temple   | Found a transporter.
  4048 | Temple   | Found a transporter.
  4048 | Temple   | Found a transporter.
  4048 | Temple   | Found a transporter.
  4048 | Temple   | Entered the Ecumenical Temple
  4063 | Temple   | Became a worshipper of Makhleb the Destroyer
  4730 | D:5      | Reached XP level 9. HP: 44/69 MP: 9/9
  5399 | D:6      | Found an opulent altar of Gozag.
  5400 | D:6      | Found Gozag's Platinum Reserve.
  5590 | D:6      | Reached * piety under Makhleb
  6221 | D:7      | Found a runed translucent door.
  6223 | D:7      | Found a runed translucent door.
  6884 | D:2      | Killed Crazy Yiuf
  7106 | D:8      | Reached XP level 10. HP: 67/79 MP: 10/10
  7304 | D:8      | Found Urefu's Book Shoppe.
  8185 | D:8      | Reached ** piety under Makhleb
  8629 | D:9      | Noticed a two-headed ogre
  8643 | D:9      | Killed a two-headed ogre
  8901 | D:9      | HP: 3/80 [troll (3)]
  8902 | D:9      | Slain by a troll

Illustrated notes

Levels and vault maps discovered:
D:1:      amcnicky_arrival_single_pillar, layout_basic, hangedman_decor_push
D:2:      kennysheep_the_goblin_king, layout_basic, nrook_mini_backslash,
          minmay_misc_feat_enclosed, uniq_crazy_yiuf_cottage
D:3:      layout_loops_ring, mainiacjoe_overflow_two_lobes,
          hellmonk_ecumenical_altar_heavens_door, chequers_jeans, uniq_terence,
          uniq_grinder, uniq_natasha, uniq_jessica
D:4:      layout_basic
D:5:      layout_cave_pools, minmay_temple_entry_statues_pillars,
          hangedman_decor_opposing, grunt_ministairs_2
D:6:      layout_rooms, nicolae_gozag_zags_fifth_avenue, kennysheep_dice
D:7:      lemuel_insect_pit, layout_gridville
D:8:      layout_loops_corners, serial_shops, shop
D:9:      minmay_statue_hallways, layout_loops_ring, kennysheep_cluttered_room
Temple:   hellmonk_temple_divided_pantheon

Skill      XL: |  1  2  3  4  5  6  7  8  9 10 |
---------------+-------------------------------+-----
Axes           | 4 5 6 8 9 |  9.5
Fighting       | 4 5 6 7 |  7.8
Armour         | 4 5 6 7 |  7.8
Shields        | 5 6 7 8 9 |  9.4

Action                     |  1- 3 |  4- 6 |  7- 9 | 10-12 || total
---------------------------+-------+-------+-------+-------++-------
  Melee: War axe           |    82 |    71 |   339 |   119 ||   611
  Throw: Dart              |       |       |     1 |     4 ||     5
         Throwing net      |       |       |       |     1 ||     1
    Use: Potion            |       |     1 |     3 |       ||     4
         Scroll            |       |       |       |     8 ||     8
   Stab: Held in net/web   |       |       |       |     1 ||     1
 Armour: Scale mail        |    53 |    37 |   316 |    75 ||   481
  Dodge: Dodged            |    46 |    38 |   144 |    38 ||   266
  Block: Buckler           |    21 |    19 |   101 |    34 ||   175
